 Dungeon Crawl Stone Soup version 0.18.1-6-gd335043 (webtiles) character file.

76 Scarto the Skirmisher (level 4, 0/36 HPs)
             Began as a Demonspawn Fighter on May 20, 2016.
             Slain by an orc warrior
             ... wielding a +2 battleaxe of venom
              (13 damage)
             ... on level 3 of the Dungeon.
             The game lasted 00:02:29 (1434 turns).

Scarto the Skirmisher (Demonspawn Fighter)          Turns: 1434, Time: 00:02:30

Health: 0/36       AC: 10    Str: 17    XL:     4   Next: 12%
Magic:  4/4        EV:  7    Int: 13    God:
Gold:   59         SH:  9    Dex: 12    Spells: 0 memorised, 3 levels left

rFire  . . .     SeeInvis .     a - +0 war axe
rCold  . . .     Gourm    .     b - +0 scale mail
rNeg   . . .     Faith    .     c - +0 shield
rPois  .         Spirit   .     (no helmet)
rElec  .         Dismiss  .     (no cloak)
rCorr  .         Reflect  .     (no gloves)
SustAt .         Harm     .     m - +2 pair of boots
MR     .....                    (no amulet)
Stlth  ..........               (no ring)
                                h - +3 ring of intelligence

@: lethally poisoned (0 -> -12), not resistant to hostile enchantments,
extremely unstealthy
A: powered by pain 1
a: no special abilities


You were on level 3 of the Dungeon.
You were not hungry.

You visited 1 branch of the dungeon, and saw 3 of its levels.

You collected 59 gold pieces.

Inventory:

Hand Weapons
 a - a +0 war axe (weapon)
Armour
 b - a +0 scale mail (worn)
 c - a +0 shield (worn)
 m - a +2 pair of boots (worn)
Jewellery
 h - a +3 ring of intelligence (left hand)
Scrolls
 i - 3 scrolls of identify {unknown}
 k - 2 scrolls of fog {unknown}
 n - a scroll of immolation {unknown}
 p - a scroll of magic mapping {unknown}
 q - a scroll of blinking {unknown}
 r - a scroll of teleportation {unknown}
 s - a scroll of recharging {unknown}
Potions
 d - a potion of might
 e - 2 potions of curing {unknown}
 j - 2 potions of mutation {unknown}
 l - a potion of resistance {unknown}
 o - a potion of heal wounds {unknown}
Comestibles
 f - a bread ration
 g - 2 beef jerkies


   Skills:
 + Level 3.6 Fighting
 + Level 2.5 Axes
 + Level 3.2 Armour
 + Level 3.1 Shields


You had 3 spell levels left.
You didn't know any spells.

Dungeon Overview and Level Annotations

Branches:
Dungeon (3/15)

Altars:
Sif Muna
The Shining One


Innate Abilities, Weirdness & Mutations

You sometimes gain a little power by taking damage.


Message History

The orc priest shouts!
The orc hits you with a mace.
The orc priest mumbles some strange prayers to Beogh against you.
Beogh smites you!
Found a stone staircase leading down.
You hit the orc.
The orc is lightly wounded.
You block the orc's attack.
You hit the orc.
The orc is severely wounded.
You block the orc's attack.
Your shield and scale mail prevent you from hitting the orc.
The orc is severely wounded.
The orc hits you with a mace.
You closely miss the orc warrior. You closely miss the orc warrior.
The orc warrior hits you with a battleaxe of venom!
You are poisoned.
The orc warrior hits you with a battleaxe of venom!
You die...

#. #.# #.# ####
#.##...>. #.# #.... ...
... #.##. #.##.# ...
#.#.# #.#.## .o. #...#
#....# #g# #...##
##.#.<# #o#
#..#.###.##..# #o#
#..##...###..# #@#
.......## #..# #.#
#..########..# #.#####.#
#............###?.......
.#.#######....#.........
.#...........#.........#
.#######################
##


You could see an orc warrior, an orc priest, an orc and a goblin.

Vanquished Creatures
  4 adders
  An ooze (D:1)
  A dart slug (D:2)
  6 bats
  A giant cockroach (D:2)
  5 goblins
  7 hobgoblins
  A ball python (D:2)
  A giant newt (D:2)
  5 kobolds
  5 rats
37 creatures vanquished.

Notes
Turn   | Place    | Note
--------------------------------------------------------------
     0 | D:1      | Scarto the Demonspawn Fighter began the quest for the Orb.
     0 | D:1      | Reached XP level 1. HP: 18/18 MP: 1/1
   129 | D:1      | Gained mutation: You sometimes gain a little power by taking damage. [demonic ancestry]
   129 | D:1      | Reached XP level 2. HP: 24/24 MP: 2/2
   776 | D:2      | Reached XP level 3. HP: 29/29 MP: 3/3
  1301 | D:2      | Found a deep blue altar of Sif Muna.
  1302 | D:2      | Found a glowing golden altar of the Shining One.
  1415 | D:3      | Reached XP level 4. HP: 36/36 MP: 4/4
  1427 | D:3      | Noticed an orc warrior
  1434 | D:3      | Slain by an orc warrior

Skill      XL: |  1  2 |
---------------+-------+-----
Axes           | 2 |  2.5
Armour         | 3 |  3.2
Shields        | 3 |  3.1
Fighting       | |  3.6

Action                   |  1- 3 |  4- 6 || total
-------------------------+-------+-------++-------
Melee: War axe           |   102 |     5 ||   107
  Eat: Meat ration       |     1 |       ||     1
Armor: Scale mail        |    65 |       ||    65
Dodge: Dodged            |    34 |       ||    34
Block: Shield            |    55 |     2 ||    57
